Map: Синее смещение РВ

Players

Doll - Winner!

  • Race: Zerg Zerg
  • Spawn Location: 7:00

ИИ 1 (ученик)

  • Race: Terran Terran
  • Spawn Location: 1:00

VOD

Have the link to the VOD?

Description

Time

  • Played on: July 30, 2020, 12:32 p.m.
  • Length: 9:44
Show
View Real Time Build Order
Export as new Build Order

Doll Zerg - Winner!

Build Orders: Pool First 

Get SALT Encoding   

  12  0:01  Drone  
  13  0:09  Drone  
  14  0:16  Overlord  
  14  0:35  Spawning Pool  
  13  0:37  Drone  
  13  0:41  Drone  
  15  0:45  Drone  
  16  1:09  Hatchery  
  15  1:11  Drone  
  15  1:18  Extractor, Drone  
  15  1:20  Drone  
  15  1:24  Drone  
  18  1:34  Queen  
  20  1:41  Zergling x2  
  21  1:49  Zergling x2  
  22  1:56  Extractor  
  22  2:00  Drone  
  22  2:08  Overlord  
  22  2:22  Lair  
  22  2:38  Drone  
  22  2:41  Hatchery  
  22  2:42  Drone  
  23  2:47  Drone  
  23  2:51  Drone  
  25  2:56  Drone  
  26  3:00  Drone  
  26  3:04  Drone  
  28  3:07  Drone  
  29  3:19  Roach Warren  
  28  3:26  Hydralisk Den  
  27  3:33  Queen  
  29  3:40  Zergling x2  
  29  3:41  Zergling x2  
  31  3:45  Overlord  
  31  3:54  Queen  
  33  3:57  Drone  
  33  4:01  Drone  
  35  4:11  Evolution Chamber  
  35  4:12  Drone x2  
  35  4:15  Drone  
  37  4:23  Roach  
  39  4:24  Drone  
  39  4:28  Overlord  
  40  4:32  Drone  
  40  4:37  Drone x2  
  43  4:44  Evolution Chamber  
  42  4:46  Zerg Melee Weapons Level 1  
  42  4:55  Drone x3  
  45  5:02  Queen  
  45  5:04  Drone  
  45  5:06  Drone  
  49  5:10  Drone  
  49  5:12  Drone  
  49  5:13  Drone  
  52  5:15  Drone  
  52  5:17  Drone  
  52  5:19  Drone  
  55  5:25  Zerg Missile Weapons Level 1  
  55  5:27  Grooved Spines  
  55  5:30  Hydralisk  
  55  5:34  Zergling x2  
  55  5:35  Overlord  
  58  5:53  Hatchery, Roach  
  58  5:54  Roach x2  
  58  5:55  Roach  
  62  6:14  Hydralisk  
  62  6:15  Hydralisk  
  62  6:16  Overlord  
  65  6:21  Overlord  
  65  6:29  Overlord  
  65  6:37  Spire  
  64  6:40  Extractor  
  64  6:41  Extractor, Drone x5  
  64  6:44  Drone x4  
  64  6:45  Drone x4  
  75  6:52  Overseer  
  75  6:54  Overlord  
  75  6:59  Hydralisk x4  
  83  7:04  Muscular Augments, Glial Reconstitution  
  83  7:10  Zerg Ground Armor Level 1  
  83  7:16  Queen  
  83  7:18  Hydralisk  
  83  7:19  Hydralisk  
  83  7:22  Drone x2  
  91  7:25  Hydralisk  
  93  7:33  Spine Crawler  
  93  7:35  Spine Crawler, Drone x2  
  93  7:38  Hydralisk x2  
  93  7:42  Drone x2  
  93  7:43  Drone  
  100  7:44  Drone  
  100  7:46  Drone  
  100  7:48  Overlord  
  101  8:24  Hatchery  
  101  8:26  Mutalisk  
  98  8:50  Mutalisk x2  
  98  8:54  Zergling x2  
  98  8:55  Zergling x8  
  105  9:16  Mutalisk  
  105  9:17  Mutalisk x2  
  105  9:19  Zergling x2  
  105  9:22  Overlord  
  105  9:23  Overlord  
  112  9:38  Infestation Pit  
Show
View Real Time Build Order
Export as new Build Order

ИИ 1 (ученик) Terran 

Build Orders:  

Get SALT Encoding   

  12  0:00  SCV  
  13  0:13  SCV  
  14  0:18  Supply Depot  
  14  0:25  SCV  
  15  0:39  SCV  
  15  0:42  Barracks  
  16  0:44  Refinery  
  16  1:10  Supply Depot  
  16  1:20  Refinery  
  16  1:28  Barracks Tech Lab, Orbital Command  
  16  1:47  Marine  
  18  1:54  SCV  
  18  2:05  Marauder  
  18  2:06  SCV  
  21  2:08  Supply Depot  
  21  2:18  SCV  
  22  2:26  Marine  
  23  2:30  SCV  
  24  2:42  SCV  
  24  2:44  Marine  
  26  2:54  SCV  
  27  3:02  Marauder  
  29  5:24  Reaper  
  29  5:25  SCV  
  29  5:27  Factory  
  31  5:30  Supply Depot  
  31  5:51  SCV  
  31  5:55  Supply Depot  
  31  5:56  Marine  
  33  5:58  Command Center  
  33  6:03  SCV  
  32  6:14  Marine  
  32  6:15  Starport  
  30  6:32  Marauder  
  30  6:52  Starport Tech Lab  
  30  6:53  Marine  
  31  7:10  Raven  
  31  7:11  Marine, SCV  
  31  7:13  Refinery  
  31  7:15  SCV  
  36  7:16  Refinery  
  36  7:23  SCV  
  36  7:27  SCV  
  36  7:29  Marine  
  39  7:35  SCV  
  40  7:39  SCV  
  41  7:47  SCV, Marauder  
  44  7:51  SCV  
  44  7:53  Raven  
  47  7:59  SCV  
  47  8:03  SCV  
  49  8:08  Marine  
  49  8:11  SCV  
  51  8:16  SCV  
  52  8:23  SCV  
  52  8:26  Marauder  
  46  8:28  SCV  
  46  8:35  SCV  
  46  8:36  Viking  
  46  8:38  Supply Depot  
  46  8:40  SCV  
  48  8:48  SCV  
  41  8:50  Hellion  
  41  8:52  SCV  
  37  9:00  SCV  
  37  9:04  SCV  
  37  9:06  Viking  
  36  9:12  SCV  
  36  9:16  SCV  
  25  9:24  SCV  
  25  9:28  SCV  
Tags
 
Add a new tag
Caveats
  • Supply blocks, unpowered buildings, or Contaminate may cause inaccurate times.
  • Supply counts are checked every 10 seconds.